 Dungeon Sprint DCSS version 0.20-a0-1006-ge6c5631 (webtiles) character file.

4438 lordofpotatos the Warrior (level 10, 0/88 HPs)
             Began as an Ogre Hunter on Apr 13, 2017.
             Was an Elder of Wu Jian.
             Slain by a deep troll (10 damage)
             ... in the Dungeon (Sprint I: "Red Sonja").
             The game lasted 00:07:42 (626 turns).

lordofpotatos the Warrior (Ogre Hunter)              Turns: 626, Time: 00:07:42

Health: 0/88       AC:  4    Str: 17      XL:     10   Next: 36%
Magic:  7/7        EV: 12    Int:  9 (10) God:    Wu Jian [****..]
Gold:   109        SH:  0    Dex:  5      Spells: 9/9 levels left

rFire    . . .     SeeInvis .   m - +0 giant club
rCold    . . .     Gourm    .   (shield currently unavailable)
rNeg     . . .     Faith    .   a - +2 robe {MR+}
rPois    .         Spirit   .   (helmet restricted)
rElec    .         Reflect  .   (no cloak)
rCorr    +         Harm     .   (gloves unavailable)
MR       ++...     NoTele   +   (boots unavailable)
Stlth    ..........             (no amulet)
Regen    0.0/turn               b - ring of loudness (curse)
MPRegen  0.1/turn               q - ring of resist corrosion

@: hasted, very quick
A: unfitting armour, blurry vision 3, clumsy 2, deformed body, deterioration 2,
dopey 1, frail 3, low mp 3, screaming 3, inhibited regeneration, tough skin 1,
weak 2, evolution 1, no potion heal 2, MP-powered wands
a: Serpent's Lash, Renounce Religion


You were in the Dungeon.
You worshipped Wu Jian.
Wu Jian was greatly pleased with you.
You were full.

You visited 1 branch You collected 421 gold pieces.
You spent 312 gold pieces at shops.

Inventory:

Hand Weapons
 m - a +0 giant club (weapon)
Missiles
 c - 5 large rocks (quivered)
Armour
 a - a +2 robe of magic resistance (worn)
Jewellery
 b - a cursed ring of loudness (left hand)
 q - a ring of resist corrosion (right hand)
Wands
 l - a wand of polymorph (12/24)
Scrolls
 k - a scroll of blinking
Potions
 e - a potion of curing
 i - 2 potions of magic
 n - a potion of flight {unknown}


   Skills:
 + Level 15.5 Fighting
 + Level 10.3 Maces & Flails
 + Level 12.7 Throwing
 + Level 11.4 Dodging
 - Level 0.6 Stealth


You had 9 spell levels left.
You didn't know any spells.

Dungeon Overview and Level Annotations

Branches:
Dungeon (1/1)

Altars:
Cheibriados
Dithmenos
Elyvilon
Fedhas
Gozag
Hepliaklqana
Kikubaaqudgha
Nemelex Xobeh
Okawaru
Qazlal
Ru
Sif Muna
Trog
Uskayaw
Vehumet
Wu Jian
Yredelemnul
Zin
The Shining One

Shops:
D }*:***


Innate Abilities, Weirdness & Mutations

You are too large for most types of armour.
You have tough skin. (AC +1)
Scrolls take you much longer to read.
You are very clumsy. (Dex -4)
Armour fits poorly on your strangely shaped body.
Your body often deteriorates upon taking damage.
You are dopey. (Int -2)
You are extremely frail. (-30% HP)
Your magical capacity is extremely low. (-30% MP)
You frequently scream uncontrollably at your foes.
You do not regenerate when monsters are visible.
You are very weak. (Str -4)
You evolve.
Potions are poor at restoring your health.
You expend magic power (3 MP) to strengthen your wands.


Message History

The deep troll closely misses you.
Your system partially rejects the healing.
You feel much better.
You hit the deep troll but do no damage.
The deep troll is heavily wounded.
The deep troll bites you!
Your body deteriorates!
You feel dopey.
The deep troll claws you but does no damage.
The deep troll closely misses you.
You closely miss the deep troll.
The deep troll is heavily wounded.
The deep troll barely misses you. The deep troll claws you!
* * * LOW HITPOINT WARNING * * *
The deep troll barely misses you.
You sock the deep troll!
The deep troll is severely wounded.
The deep troll bites you.
* * * LOW HITPOINT WARNING * * *
The deep troll claws you!
You die...

#..#####'#####'#
#..####..#...#.# ##
#..#__####..##.#§≈§
#..#_____##'#_.+§§
#⌠⌠#_.∩...'.)._#§§≈§
####_..__##_(#'##+###
#_____###'#(#
############.####+###
#∩........'..@T$$.$$+
###''''####...#######
#.......####.##
#........# #+#
#..#.....# #........#
#.....#..# #........#
#..#.....#


You could see a deep troll.

Vanquished Creatures
  Sonja (D)
  8 shining eyes (D)
  Sigmund (D)
  A yak (D)
  4 floating eyes (D)
  An ogre (D)
  A jelly (D)
  Ijyb (D)
18 creatures vanquished.

Notes
Turn   | Place    | Note
-------+----------+-------------------------------------------
     0 | D        | lordofpotatos the Ogre Hunter began the quest for the Orb.
     0 | D        | Reached XP level 1. HP: 22/22 MP: 1/1
     3 | D        | Noticed Ijyb
     7 | D        | Killed Ijyb
     7 | D        | Reached skill level 4 in Fighting
     7 | D        | Reached skill level 5 in Throwing
     7 | D        | Reached XP level 2. HP: 33/33 MP: 2/2
    15 | D        | Noticed an ogre
    18 | D        | Killed an ogre
    18 | D        | Reached skill level 7 in Fighting
    18 | D        | Reached XP level 3. HP: 46/46 MP: 3/3
    18 | D        | Reached XP level 4. HP: 55/55 MP: 4/4
    36 | D        | Noticed Sigmund
    47 | D        | Killed Sigmund
    47 | D        | Reached skill level 9 in Fighting
    47 | D        | Reached XP level 5. HP: 40/67 MP: 5/5
    47 | D        | Reached XP level 6. HP: 45/75 MP: 6/6
   181 | D        | Found an ornate altar of the Wu Jian Council.
   181 | D        | Found a deep blue altar of Sif Muna.
   183 | D        | Found a radiant altar of Vehumet.
   194 | D        | Became a worshipper of the Wu Jian Council
   198 | D        | Found Honau's Assorted Antiques.
   198 | D        | Found an ancient bone altar of Kikubaaqudgha.
   198 | D        | Found a hazy altar of Hepliaklqana.
   198 | D        | Found a stormy altar of Qazlal.
   198 | D        | Found a hide-covered altar of Uskayaw.
   198 | D        | Found a blossoming altar of Fedhas.
   198 | D        | Found a bloodstained altar of Trog.
   198 | D        | Found an iron altar of Okawaru.
   198 | D        | Found a basalt altar of Yredelemnul.
   198 | D        | Found a glowing golden altar of the Shining One.
   198 | D        | Found a snail-covered altar of Cheibriados.
   198 | D        | Found a sacrificial altar of Ru.
   198 | D        | Found a glowing silver altar of Zin.
   198 | D        | Found a shadowy altar of Dithmenos.
   198 | D        | Found a white marble altar of Elyvilon.
   198 | D        | Noticed a yak
   207 | D        | Killed a yak
   207 | D        | Reached skill level 10 in Fighting
   207 | D        | Reached XP level 7. HP: 67/87 MP: 7/7
   209 | D        | Found an opulent altar of Gozag.
   211 | D        | Found a sparkling altar of Nemelex Xobeh.
   215 | D        | Bought a steel ring for 130 gold pieces
   263 | D        | Bought a scroll labeled TEFOIM INACLOSUQE for 26 gold pieces
   263 | D        | Bought a scroll labeled WYNIDO MUGO for 26 gold pieces
   263 | D        | Bought a large granite ring for 130 gold pieces
   273 | D        | Noticed Sonja
   280 | D        | Killed Sonja
   280 | D        | Reached skill level 12 in Fighting
   280 | D        | Reached skill level 10 in Throwing
   280 | D        | Reached XP level 8. HP: 89/98 MP: 8/8
   306 | D        | Found Ranuumapa's Gadget Boutique.
   466 | D        | Noticed a shining eye
   466 | D        | Noticed a shining eye
   466 | D        | Noticed a shining eye
   466 | D        | Noticed a shining eye
   466 | D        | Noticed a shining eye
   466 | D        | Noticed a shining eye
   466 | D        | Gained mutation: You occasionally shout uncontrollably at your foes. [a shining eye]
   466 | D        | Gained mutation: You are clumsy. (Dex -2) [a shining eye]
   467 | D        | Gained mutation: You possess an exceptional clarity of mind. [a shining eye]
   467 | D        | Gained mutation: Your body sometimes deteriorates upon taking damage. [a shining eye]
   468 | D        | Reached * piety under Wu Jian
   468 | D        | Gained mutation: Your magical capacity is low. (-10% MP) [a shining eye]
   469 | D        | Paralysed by a floating eye for 4 turns
   474 | D        | Gained mutation: You are very clumsy. (Dex -4) [a shining eye]
   475 | D        | Gained mutation: Your body often deteriorates upon taking damage. [a shining eye]
   476 | D        | Gained mutation: Scrolls take you a little longer to read. [a shining eye]
   476 | D        | Paralysed by a floating eye for 3 turns
   479 | D        | Killed a shining eye
   479 | D        | Reached skill level 13 in Fighting
   481 | D        | Lost mutation: Scrolls take you a little longer to read. [a shining eye]
   482 | D        | Paralysed by a floating eye for 4 turns
   487 | D        | Gained mutation: Your magical capacity is very low. (-20% MP) [a shining eye]
   488 | D        | Killed a shining eye
   488 | D        | Reached ** piety under Wu Jian
   488 | D        | Reached XP level 9. HP: 110/110 MP: 7/7
   488 | D        | Gained mutation: You expend magic power (3 MP) to strengthen your wands. [a shining eye]
   489 | D        | Paralysed by a floating eye for 4 turns
   490 | D        | Lost mutation: You possess an exceptional clarity of mind. [a shining eye]
   494 | D        | Gained mutation: You are frail. (-10% HP) [a shining eye]
   495 | D        | Gained mutation: You evolve. [a shining eye]
   497 | D        | Paralysed by a floating eye for 2 turns
   499 | D        | Killed a shining eye
   499 | D        | Reached skill level 10 in Dodging
   502 | D        | Paralysed by a floating eye for 4 turns
   502 | D        | Gained mutation: Your magical capacity is extremely low. (-30% MP) [a shining eye]
   504 | D        | Gained mutation: Potions are less effective at restoring your health. [a shining eye]
   506 | D        | Gained mutation: Armour fits poorly on your strangely shaped body. [a shining eye]
   509 | D        | Killed a shining eye
   509 | D        | Reached skill level 14 in Fighting
   509 | D        | Paralysed by a floating eye for 2 turns
   511 | D        | Killed a shining eye
   511 | D        | Reached *** piety under Wu Jian
   512 | D        | Gained mutation: You sometimes yell uncontrollably at your foes. [a shining eye]
   513 | D        | Noticed a shining eye
   513 | D        | Noticed a shining eye
   513 | D        | Gained mutation: You are dopey. (Int -2) [a shining eye]
   514 | D        | Gained mutation: You are weak. (Str -2) [a shining eye]
   515 | D        | Gained mutation: You are very frail. (-20% HP) [a shining eye]
   516 | D        | Gained mutation: You are very weak. (Str -4) [a shining eye]
   518 | D        | Paralysed by a floating eye for 2 turns
   519 | D        | Gained mutation: You tend to lose your temper in combat. [a shining eye]
   519 | D        | Gained mutation: Scrolls take you a little longer to read. [a shining eye]
   520 | D        | Lost mutation: You tend to lose your temper in combat. [a shining eye]
   521 | D        | Gained mutation: Scrolls take you longer to read. [a shining eye]
   522 | D        | Gained mutation: You are extremely frail. (-30% HP) [a shining eye]
   523 | D        | Killed a shining eye
   523 | D        | Reached XP level 10. HP: 86/86 MP: 7/7
   524 | D        | Gained mutation: You frequently scream uncontrollably at your foes. [a shining eye]
   526 | D        | Gained mutation: Potions are poor at restoring your health. [a shining eye]
   526 | D        | Paralysed by a floating eye for 3 turns
   527 | D        | Gained mutation: You do not regenerate when monsters are visible. [a shining eye]
   530 | D        | Killed a shining eye
   530 | D        | Reached skill level 15 in Fighting
   530 | D        | Reached skill level 10 in Maces & Flails
   530 | D        | Gained mutation: Scrolls take you much longer to read. [a shining eye]
   533 | D        | Paralysed by a floating eye for 4 turns
   538 | D        | Killed a shining eye
   538 | D        | Reached **** piety under Wu Jian
   576 | D        | Found Ylylimi's General Store.
   576 | D        | Found Viosypot's Assorted Antiques.
   576 | D        | Found Tiris's Book Emporium.
   576 | D        | Found Caiwk's Assorted Antiques.
   617 | D        | Noticed a deep troll
   626 | D        | Slain by a deep troll

Vault maps used:
D:        dungeon_sprint_1

Skill      XL: |  1  2  3  4  5  6  7  8  9 10 |
---------------+-------------------------------+-----
Fighting       | 4 7 9 10 12 13 14 15 | 15.5
Throwing       | 5 6 7 8 10 11 12 | 12.7
Dodging        | 3 4 6 7 8 9 11 | 11.4
Maces & Flails | 3 4 6 8 9 10 | 10.3
Stealth        | |  0.6

Action                   |  1- 3 |  4- 6 |  7- 9 | 10-12 || total
-------------------------+-------+-------+-------+-------++-------
Melee: Giant club        |       |     9 |    33 |    16 ||    58
Throw: Large rock        |     5 |     7 |     9 |       ||    21
       Throwing net      |     2 |     4 |     1 |       ||     7
  Use: Scroll            |       |       |     2 |       ||     2
       Potion            |       |       |     1 |     2 ||     3
  Eat: Bread ration      |       |       |     1 |       ||     1
Armor: Robe              |       |     1 |     3 |     1 ||     5
Dodge: Dodged            |       |     9 |     8 |     5 ||    22
